 Dungeon Sprint DCSS version 0.27-a0-1084-g78b3836a5f (webtiles) character file.

Game seed: 12591320638708949317

2445 mhtbhm the Scorcher (level 9, 0/45 HPs)
             Began as a Deep Elf Fire Elementalist on Apr 27, 2021.
             Was a High Priest of Vehumet.
             Killed from afar by a black draconian (21 damage)
             ... with a bolt of lightning
             ... in the Dungeon (Sprint V: "Ziggurat Sprint").
             The game lasted 00:04:40 (478 turns).

mhtbhm the Scorcher (Deep Elf Fire Elementalist)     Turns: 478, Time: 00:04:41

Health: 0/45       AC:  8    Str:  5    XL:     9   Next: 25%
Magic:  0/27       EV: 16    Int: 36    God:    Vehumet [*****.]
Gold:   0          SH:  0    Dex: 15    Spells: 10/32 levels left

rFire    + . .     SeeInvis .   C - +8 lance "Wyrmbane" {slay drac, rPois rF+ rC+ AC+3}
rCold    + . .     Faith    .   (no shield)
rNeg     . . .     Spirit   .   a - +0 robe
rPois    +         Reflect  .   (no helmet)
rElec    .         Harm     .   (no cloak)
rCorr    .         Rampage  .   w - +2 pair of gloves {Stlth+}
Will     .....     NoTele   +   (no boots)
Stlth    +++++.....             (no amulet)
HPRegen  0.15/turn              u - +6 ring of intelligence
MPRegen  0.20/turn              v - +6 ring of intelligence

@: hasted, very quick
A: no striking features
a: Renounce Religion


You were in the Dungeon.
You worshipped Vehumet.
Vehumet was extremely pleased with you.
You visited 1 branch

Inventory:

Hand Weapons
 C - the +8 lance "Wyrmbane" (weapon) {slay drac, rPois rF+ rC+ AC+3}
   (You found it in the Dungeon)

   It affects your AC (+3).
   It protects you from fire.
   It protects you from cold.
   It protects you from poison.
Armour
 a - a +0 robe (worn)
 w - a +2 pair of gloves of stealth (worn)
Jewellery
 u - a +6 ring of intelligence (left hand)
 v - a +6 ring of intelligence (right hand)
Wands
 y - a wand of mindburst (7)
 z - a wand of iceblast (2)
 A - a wand of acid (6)
Scrolls
 h - 2 scrolls of blinking
 m - 4 scrolls of amnesia
 n - 7 scrolls of fog
 o - a scroll of holy word
 p - 5 scrolls of identify
 q - a scroll of fear
Potions
 b - 2 potions of brilliance
 c - 10 potions of curing
 d - 10 potions of heal wounds
 e - 5 potions of haste
 f - 6 potions of magic
 g - 3 potions of berserk rage
 i - 2 potions of invisibility
 j - 4 potions of resistance
 k - a potion of experience
 l - 5 potions of might
Miscellaneous
 r - a tin of tremorstones (2/2)
 s - a box of beasts
 t - a phantom mirror
 x - a condenser vane
 B - a lightning rod (4/4)


   Skills:
 + Level 9.2 Dodging
 - Level 7.1 Stealth
 + Level 12.0 Spellcasting
 + Level 3.9 Conjurations
 + Level 15.1 Fire Magic
 * Level 7.2 Earth Magic
 + Level 6.3 Evocations


You had 10 spell levels left.
You knew the following spells:

 Your Spells              Type           Power      Damage    Failure   Level
a - Foxfire               Conj/Fire      100%       2x1d9     1%          1
b - Conjure Flame         Conj/Fire      74%        6-21      1%          3
c - Inner Flame           Hex/Fire       66%        N/A       1%          3
d - Sticky Flame          Conj/Fire      74%        2d9       1%          4
e - Fireball              Conj/Fire      37%        3d15      1%          5
f - Iron Shot             Conj/Erth      29%        9d6       8%          6

Your spell library contained the following spells:

 Spells                   Type           Power      Damage    Failure   Level
 Searing Ray              Conj           100%       3d7       1%          2
 Apportation              Tloc           42%        N/A       1%          1
 Poisonous Vapours        Pois/Air       42%        N/A       1%          2
 Dazzling Flash           Conj/Hex       70%        N/A       1%          3
 Mephitic Cloud           Conj/Pois/Air  31%        N/A       1%          3
 Bolt of Magma            Conj/Fire/Erth 35%        4d15      1%          5
 Animate Armour           Summ/Erth      94%        N/A       4%          4
 Leda's Liquefaction      Hex/Erth       23%        N/A       4%          4
 Lightning Bolt           Conj/Air       17%        1d32      7%          5
 Yara's Violent Unravell  Hex/Tmut       10%        3d6       13%         5
 Cause Fear               Hex            10%        N/A       19%         4
 Freezing Cloud           Conj/Ice/Air   15%        6-21      38%         6
 Silence                  Hex/Air        10%        N/A       45%         5
 Statue Form              Tmut/Erth      31%        N/A       54%         6
 Malign Gateway           Summ/Tloc      10%        N/A       100%        7
 Borgnjor's Revivificati  Necr           10%        N/A       100%        8
 Discord                  Hex            10%        N/A       100%        8
 Infestation              Necr           10%        N/A       100%        8
 Necromutation            Tmut/Necr      10%        N/A       100%        8
 Death's Door             Necr           10%        N/A       100%        9
 Shatter                  Erth           32%        3d26*     100%        9


Dungeon Overview and Level Annotations

Branches:
Dungeon (1/1)

Altars:
Ashenzari
Cheibriados
Dithmenos
Elyvilon
Fedhas
Gozag
Hepliaklqana
Kikubaaqudgha
Makhleb
Nemelex Xobeh
Okawaru
Qazlal
Ru
Sif Muna
Trog
Uskayaw
Vehumet
Wu Jian
Xom
Yredelemnul
Zin
The Shining One
Beogh
Jiyva
Lugonu

Annotations:
D 1 transporter


Message History

Your lightning rod (4/4) has regained one charge.
Your Spellcasting skill increases to level 12!
Your Fire Magic skill increases to level 15!
Your Earth Magic skill increases to level 7!
Your Evocations skill increases to level 6!
Unknown command.
Unknown command.
Casting: Fireball (dangerous; 1% risk of failure)
Confirm with . or Enter, or press ? or * to list all spells.
Aiming: Fireball (dangerous; 1% risk of failure)
Press: ? - help, Shift-Dir - straight line, f - black draconian
Aim: a black draconian, wielding a +4 battleaxe of electrocution (severely wounded)
The fireball explodes!
The fireball engulfs the black draconian but does no damage.
The black draconian is severely wounded.
Unknown command.
Unknown command.
Unknown command.
Okay, then.
Casting: Fireball (dangerous; 1% risk of failure)
Confirm with . or Enter, or press ? or * to list all spells.
Aiming: Fireball (dangerous; 1% risk of failure)
Press: ? - help, Shift-Dir - straight line, f/p - black draconian
Aim: a black draconian, wielding a +4 battleaxe of electrocution (severely wounded)
The fireball explodes!
The fireball engulfs the black draconian!
The black draconian is severely wounded.
Unknown command.
Unknown command.
Unknown command.
Aiming: Corrosive Bolt
Press: ? - help, Shift-Dir - straight line, f/p - black draconian
Aim: a black draconian, wielding a +4 battleaxe of electrocution (severely wounded, 74% to hit)
The bolt of acid hits the black draconian.
The black draconian is splashed with acid!
The black draconian is almost dead.
The draconian seems to regain its courage.
The black draconian breathes lightning at you.
The bolt of lightning hits you!!
You die...

▓.......▓
▓.......▓
▓.......▓
▓.......▓
▓.▓...▓.▓
▓...©...▓
▓▓▓▓▓▓▓▓▓
▓..8©8..▓
▓@.}d)..▓
▓..[:)..▓
▓.......▓
▓.......▓
▓.......▓
▓...d.d.▓
▓.......▓
▓...©..d▓
▓▓▓▓▓▓▓▓▓


You could see a black draconian (catching breath) and 3 draconians.

Vanquished Creatures
  A death cob (D)
  A draconian (D)
  A slime creature (D)
  2 tarantellas (D)
  A golden eye (D)
  A naga (D)
  A hell hound (D)
  A floating eye (D)
  A wolf (D)
  A wight (D)
  A river rat (D)
  An adder (D)
  A shadow imp (D)
  A white imp (D)
  An adder skeleton (D)
  A bat skeleton (D)
  2 endoplasms (D)
  A jackal (D)
  2 ball pythons (D)
  2 ball python zombies (D)
  A jackal skeleton (D)
  A quokka zombie (D)
26 creatures vanquished.

Notes
Turn   | Place    | Note
-------+----------+-------------------------------------------
     0 | D        | mhtbhm the Deep Elf Fire Elementalist began the quest for
                  | the Orb.
     0 | D        | Reached XP level 1. HP: 10/10 MP: 6/6
     0 | D        | Found a shimmering blue altar of Sif Muna.
     0 | D        | Found a bloodstained altar of Trog.
     0 | D        | Found a sacrificial altar of Ru.
     0 | D        | Found a stormy altar of Qazlal.
     0 | D        | Found an iron altar of Okawaru.
     1 | D        | Found a sparkling altar of Nemelex Xobeh.
     1 | D        | Found a blossoming altar of Fedhas.
     1 | D        | Banished a spatial maelstrom
     2 | D        | Found the +6 Majin-Bo {vamp, MP+6 Int+6}
     2 | D        | Found the +9 heavy crossbow "Sniper" {vorpal, Acc+∞ SInv}
     2 | D        | Found the +10 dark maul {vorpal}
     2 | D        | Found the +15 Maxwell's patent armour {-Cast -Tele rElec
                  | Will+ rCorr}
     2 | D        | Found the +18 shield of the Gong {rElec rN+ Will+ EV-5}
     2 | D        | Found the +14 obsidian axe {vorpal, Drain Fly SInv}
     2 | D        | Found the +7 great mace "Firestarter" {inner flame, rF++}
     2 | D        | Found the +6 shillelagh "Devastator" {shatter}
     2 | D        | Found the +11 plutonium sword {Contam Stlth-}
     2 | D        | Found the +8 lance "Wyrmbane" {slay drac, rPois rF+ rC+
                  | AC+3}
     2 | D        | Found the +9 sword of Zonguldrok {reap}
     2 | D        | Found the +13 scythe of Curses {drain, Drain}
     2 | D        | Found the +5 sword of Power {vorpal}
     2 | D        | Found the +7 mace of Variability {chain chaos}
     2 | D        | Found the +7 Singing Sword {vorpal, sonic wave}
     2 | D        | Found the +8 storm bow {elec, penet}
     3 | D        | Found a transporter.
     3 | D        | Found an ancient bone altar of Kikubaaqudgha.
     3 | D        | Found a viscous altar of Jiyva.
     3 | D        | Found a corrupted altar of Lugonu.
     3 | D        | Found a hazy altar of Hepliaklqana.
     3 | D        | Found a burning altar of Makhleb.
     3 | D        | Found an opulent altar of Gozag.
    37 | D        | Became a worshipper of Vehumet
    57 | D        | Entered arena 2.
    57 | D        | Noticed a tarantella
    57 | D        | Noticed a tarantella
    57 | D        | Found a transporter.
    61 | D        | Killed a tarantella
    62 | D        | Reached skill level 5 in Dodging
    62 | D        | Reached skill level 9 in Fire Magic
    62 | D        | Reached skill level 1 in Evocations
    62 | D        | Reached XP level 2. HP: 11/15 MP: 6/11
    62 | D        | Reached XP level 3. HP: 14/19 MP: 7/13
    62 | D        | Reached XP level 4. HP: 18/24 MP: 7/14
    62 | D        | Reached XP level 5. HP: 21/28 MP: 8/16
    62 | D        | Killed a tarantella
    63 | D        | Reached skill level 5 in Stealth
    63 | D        | Reached skill level 10 in Fire Magic
    63 | D        | Reached XP level 6. HP: 25/32 MP: 8/19
    67 | D        | Learned a level 3 spell: Conjure Flame
    71 | D        | Learned a level 3 spell: Inner Flame
    76 | D        | Learned a level 4 spell: Sticky Flame
    82 | D        | Learned a level 5 spell: Fireball
   135 | D        | Entered arena 3.
   135 | D        | Found a transporter.
   136 | D        | Reached * piety under Vehumet
   136 | D        | Offered knowledge of Shock by Vehumet.
   139 | D        | Reached skill level 11 in Fire Magic
   153 | D        | Entered arena 4.
   153 | D        | Noticed a hell hound
   153 | D        | Found a transporter.
   154 | D        | Reached ** piety under Vehumet
   157 | D        | Killed a hell hound
   158 | D        | Reached XP level 7. HP: 36/36 MP: 19/21
   276 | D        | Entered arena 5.
   276 | D        | Found a transporter.
   278 | D        | Offered knowledge of Poisonous Vapours by Vehumet.
   278 | D        | Reached *** piety under Vehumet
   280 | D        | Reached skill level 12 in Fire Magic
   287 | D        | Got the ring of Cabbup Leif {Ice Str+6 Stlth+}
   332 | D        | Learned a level 6 spell: Iron Shot
   334 | D        | Entered arena 6.
   334 | D        | Noticed a slime creature
   334 | D        | Noticed a golden eye
   334 | D        | Found a transporter.
   335 | D        | Reached **** piety under Vehumet
   335 | D        | Killed a golden eye
   336 | D        | Reached skill level 13 in Fire Magic
   338 | D        | Killed a slime creature
   338 | D        | Reached ***** piety under Vehumet
   339 | D        | Reached skill level 10 in Spellcasting
   339 | D        | Reached XP level 8. HP: 41/41 MP: 7/24
   344 | D        | Got the ring "Vibux" {Fly Will- Str+3 Dex+2}
   348 | D        | Got the Compendium of Damaging Translocation
   430 | D        | Entered arena 7.
   432 | D        | Offered knowledge of Searing Ray by Vehumet.
   433 | D        | Found a transporter.
   460 | D        | Entered arena 8.
   460 | D        | Noticed a draconian
   460 | D        | Noticed a draconian
   460 | D        | Noticed a black draconian
   460 | D        | Noticed a draconian
   460 | D        | Noticed a death cob
   460 | D        | Noticed a draconian
   461 | D        | Identified the +5 short sword "Xasile" {drain, Fragile
                  | Int+4}
   461 | D        | Identified the +3 long sword of Radicalism {vorpal, Fragile
                  | rPois Dex+8}
   462 | D        | Found a transporter.
   471 | D        | Killed a death cob
   472 | D        | Reached skill level 14 in Fire Magic
   472 | D        | Reached skill level 5 in Evocations
   472 | D        | Reached XP level 9. HP: 45/45 MP: 23/26
   475 | D        | Killed a draconian
   476 | D        | Reached skill level 15 in Fire Magic
   478 | D        | Killed from afar by a black draconian

Illustrated notes

Levels and vault maps discovered:
D:        sprint_v [room_start, room_1, room_2, room_3, room_4, room_5, room_6,
          room_7, room_8, room_9, room_10, room_11, room_12, room_13, room_14,
          room_15, room_16, room_17, room_18, room_19, room_20, room_21,
          room_22, room_23, room_24, room_25, room_26, room_27]

Skill      XL: |  1  2  3  4  5  6  7  8  9 |
---------------+----------------------------+-----
Dodging        | 5 6 7 8 9 |  9.2
Stealth        | 4 5 6 7 |  7.1
Spellcasting   | 6 8 9 10 11 12 | 12.0
Fire Magic     | 9 10 11 13 14 15 | 15.1
Evocations     | 1 2 3 4 5 6 |  6.3
Conjurations   | 2 3 |  3.9
Earth Magic    | 3 6 7 |  7.2

Action                   |  1- 3 |  4- 6 |  7- 9 || total
-------------------------+-------+-------+-------++-------
 Cast: Fireball          |       |       |    14 ||    14
       Sticky Flame      |       |       |     4 ||     4
Evoke: Wand              |     3 |     2 |     1 ||     6
       Lightning rod     |       |     6 |     2 ||     8
       Phantom mirror    |       |       |     1 ||     1
  Use: Scroll            |     1 |       |     2 ||     3
       Potion            |       |       |     2 ||     2
Dodge: Dodged            |       |     1 |     5 ||     6

Table legend: (Time is in decaauts)
 A = Elapsed time spent in this place.
 B = Non-inter-level travel time spent in this place.
 C = Inter-level travel time spent in this place.
 D = Time resting spent in this place.
 E = Time spent auto-exploring this place.
 F = Levels seen in this place.
 G = Mean time per level.
                   A        B        C        D        E       F      G
               +--------+--------+--------+--------+--------+-----+--------+
         Total |    472 |    472 |      0 |    255 |      0 |   1 |  472.0 |
       Dungeon |    472 |    472 |      0 |    255 |      0 |   1 |  472.0 |
               +--------+--------+--------+--------+--------+-----+--------+

Top non-repeatable levels by time:
       D: 472 daAuts
